 Dungeon Crawl Stone Soup version 0.20-a0-348-gd709e23 (webtiles) character file.

2306 Leibowitz the Cutter (level 8, 0/63 HPs)
             Began as a Demigod Gladiator on Dec 23, 2016.
             Slain by a slime creature (8 damage)
             ... on level 7 of the Dungeon.
             The game lasted 00:30:59 (8459 turns).

Leibowitz the Cutter (Demigod Gladiator)            Turns: 8459, Time: 00:31:00

Health: 0/63       AC:  3    Str: 18      XL:     8   Next: 97%
Magic:  15/16      EV: 16    Int: 12      God:
Gold:   228        SH:  0    Dex: 22 (23) Spells: 13/14 levels left

rFire  . . .     SeeInvis .       - Unarmed
rCold  . . .     Gourm    .     q - +0 robe {rN+}
rNeg   + . .     Faith    .     (no shield)
rPois  .         Spirit   .     c - +0 helmet
rElec  .         Reflect  .     (no cloak)
rCorr  .         Harm     .     (no gloves)
MR     .....                    (no boots)
Stlth  ++++......               (no amulet)
                                B - ring of stealth
                                s - +3 ring of dexterity

@: confusing touch (expiring)
A: high mp 1
a: no special abilities


You were on level 7 of the Dungeon.
You were not hungry.

You visited 1 branch of the dungeon, and saw 7 of its levels.

You collected 228 gold pieces.

Inventory:

Hand Weapons
 a - a +0 rapier
 p - the +6 war axe of Reizi Foo {antimagic, rElec rC+ rN+}
   (You found it on level 5 of the Dungeon)

   It reduces the magical energy of the wielder, and disrupts the spells and
   magical abilities of those hit.
   Natural abilities and divine invocations are not affected.
   It protects you from cold.
   It insulates you from electricity.
   It protects you from negative energy.
 C - the +6 flail "Himy" {crush, rPois MP-9 Str+2}
   (You found it on level 7 of the Dungeon)

   It inflicts extra damage upon your enemies.
   It affects your strength (+2).
   It protects you from poison.
   It affects your magic capacity (-9).
Missiles
 d - 3 throwing nets (quivered)
Armour
 c - a +0 helmet (worn)
 q - a +0 robe of positive energy (worn)
Jewellery
 k - a +5 ring of protection
 s - a +3 ring of dexterity (left hand)
 B - a ring of stealth (right hand)
 D - an uncursed ring of poison resistance
Wands
 u - a wand of confusion (30/48)
Scrolls
 e - 6 scrolls of identify {unknown}
 i - a scroll of random uselessness {unknown}
 j - 3 scrolls of fear {unknown}
 o - a scroll of immolation {unknown}
 r - 3 scrolls of remove curse {unknown}
 v - a scroll of recharging {unknown}
 w - 2 scrolls of magic mapping {unknown}
 x - 2 scrolls of fog {unknown}
 y - a scroll of teleportation {unknown}
 A - a scroll of amnesia {unknown}
Potions
 m - a potion of haste
 t - 3 potions of curing
 z - a potion of brilliance
 F - 2 potions of flight
Books
 n - a book of Cantrips

   Spells                             Type                      Level
   a - Confusing Touch                Hexes                        1
   b - Animate Skeleton               Necromancy                   1
   c - Summon Small Mammal            Summoning                    1
   d - Apportation                    Translocation                1
 E - a book of Frost

   Spells                             Type                      Level
   a - Freeze                         Ice                          1
   b - Throw Frost                    Conjuration/Ice              2
   c - Ozocubu's Armour               Charms/Ice                   3
   d - Throw Icicle                   Conjuration/Ice              4
   e - Summon Ice Beast               Ice/Summoning                4
Comestibles
 b - 8 fruits
 f - 8 bread rations
 g - 3 meat rations
 h - 2 beef jerkies
 l - 2 slices of pizza


   Skills:
 + Level 3.2 Fighting
 + Level 5.8 Short Blades
 + Level 1.7 Throwing
 + Level 1.3 Armour
 * Level 5.3 Dodging
 * Level 5.5 Stealth
 + Level 1.0 Unarmed Combat
 * Level 3.6 Spellcasting
 * Level 4.1 Hexes


You had 13 spell levels left.
You knew the following spells:

 Your Spells              Type           Power        Failure   Level  Hunger
a - Confusing Touch       Hex            ##....       4%          1    #......


Dungeon Overview and Level Annotations

Branches:
Dungeon (7/15)             Temple (0/1) D:6


Innate Abilities, Weirdness & Mutations

You have an increased reservoir of magic. (+10% MP)


Message History

You hit the slime creature. You punch the slime creature.
The slime creature is almost dead.
You hit the slime creature.
The slime creature is almost dead.
You hit the slime creature but do no damage.
The slime creature is almost dead.
The slime creature seems less confused.
The slime creature closely misses you.
You hit the slime creature.
The slime creature is almost dead.
You hit the slime creature.
The slime creature is almost dead.
The slime creature hits you!
* * * LOW HITPOINT WARNING * * *
You are now empty-handed.
The orc priest shouts!
The slime creature misses you.
Casting: Confusing Touch
Confirm with . or Enter, or press ? or * to list all spells.
Your hands begin to glow red.
The slime creature hits you!
You die...

##.# #.#........# #.#
##.###.#.#####..# #.#
##.....#.#.....o# #.#
#...# ########.#...<..#
#.# ##...## #
#.######.###.####.....#
#.#.............#.JJ..#
#.#.####..##.#.##.....
#.# ##.##.#J# #...# #.#
#@##.#.# #...# #.#
#J##J#.## #'# #.#
#..#.#..###.# #.#
##.#.#......# #.#
#...#.######
##########.# ##..#.#
...........#######..#.#
####............###.#.#
#............###.#.#


You could see a slime creature and an orc priest.

Vanquished Creatures
  Sigmund (D:2)
  A sky beast (D:5)
  2 orc warriors
  A centaur (D:5)
  3 ogres
  The ghost of Banto the Cudgeler, an amateur HuSk (D:3)
  6 scorpions
  A howler monkey (D:5)
  4 crimson imps
  A quasit (D:7)
  2 hounds
  8 jellies
  A bullfrog skeleton (D:5)
  A centaur skeleton (D:3)
  3 orc wizards
  An iguana (D:4)
  4 worker ants
  2 hound skeletons
  Robin (D:2)
  6 gnolls (D:6)
  11 adders
  2 shadow imps
  10 oozes (D:7)
  3 adder skeletons
  6 worms
  2 dart slugs
  3 leopard geckos
  22 orcs
  6 giant cockroaches
  12 goblins
  7 hobgoblins
  10 jackals
  5 quokkas
  2 ball pythons
  8 bats
  6 frilled lizards
  A jackal skeleton (D:4)
  8 kobolds
  2 leopard gecko skeletons
  A leopard gecko zombie (D:7)
  5 rats
182 creatures vanquished.

Vanquished Creatures (others)
  7 fungi (D:7)
7 creatures vanquished.

Grand Total: 189 creatures vanquished

Notes
Turn   | Place    | Note
-------+----------+-------------------------------------------
     0 | D:1      | Leibowitz the Demigod Gladiator began the quest for the Orb.
     0 | D:1      | Reached XP level 1. HP: 17/17 MP: 3/3
   126 | D:1      | Reached XP level 2. HP: 23/24 MP: 4/4
   520 | D:2      | Noticed Robin
   542 | D:2      | Killed Robin
   542 | D:2      | Reached skill level 1 in Stealth
   542 | D:2      | Reached XP level 3. HP: 26/29 MP: 5/5
  1472 | D:2      | Reached XP level 4. HP: 33/36 MP: 6/6
  1589 | D:2      | Learned a level 1 spell: Confusing Touch
  1688 | D:2      | Noticed Sigmund
  1720 | D:2      | Killed Sigmund
  1720 | D:2      | Reached skill level 1 in Armour
  1720 | D:2      | Reached skill level 1 in Hexes
  1720 | D:2      | Reached XP level 5. HP: 36/41 MP: 5/8
  1804 | D:2      | Reached skill level 1 in Spellcasting
  2236 | D:3      | Reached XP level 6. HP: 43/48 MP: 10/10
  2857 | D:3      | Noticed Banto's ghost (amateur HuSk)
  2882 | D:3      | Killed Banto's ghost
  3459 | D:4      | Reached skill level 1 in Unarmed Combat
  3580 | D:4      | Reached XP level 7. HP: 55/55 MP: 11/13
  4426 | D:5      | Entered Level 5 of the Dungeon
  4429 | D:5      | Got a scorched war axe
  4430 | D:5      | Identified the +6 war axe of Reizi Foo {antimagic, rElec rC+ rN+} (You found it on level 5 of the Dungeon)
  4456 | D:5      | Found a shimmering altar of Xom.
  5180 | D:5      | Reached skill level 5 in Short Blades
  5462 | D:5      | Reached XP level 8. HP: 62/62 MP: 15/15
  5560 | D:6      | Found a staircase to the Ecumenical Temple.
  6078 | D:6      | Reached skill level 5 in Dodging
  6851 | D:7      | Got an ivory flail
  6859 | D:7      | Identified the +6 flail "Himy" {crush, rPois MP-9 Str+2} (You found it on level 7 of the Dungeon)
  6883 | D:7      | Noticed a slime creature
  6946 | D:6      | Reached skill level 5 in Stealth
  8459 | D:7      | Slain by a slime creature

Vault maps used:
D:1:      dpeg_arrival_boxes_within_box
D:2:      first_bread, uniq_robin, uniq_sigmund
D:3:      corexii_shack_village
D:5:      basic_altar
D:7:      lemuel_slime

Skill      XL: |  1  2  3  4  5  6  7  8 |
---------------+-------------------------+-----
Dodging        | 3 4 5 |  5.3
Short Blades   | 3 4 5 |  5.8
Stealth        | 1 2 3 4 5 |  5.5
Fighting       | 2 3 |  3.2
Armour         | 1 |  1.3
Hexes          | 1 2 4 |  4.1
Spellcasting   | 1 2 3 |  3.6
Unarmed Combat | 1 |  1.0
Throwing       | |  1.7

Action                   |  1- 3 |  4- 6 |  7- 9 || total
-------------------------+-------+-------+-------++-------
Melee: Rapier            |   142 |   158 |   355 ||   655
       Unarmed           |       |   146 |    47 ||   193
       Punch             |       |     1 |     6 ||     7
 Cast: Confusing Touch   |       |    34 |    29 ||    63
  Use: Potion            |     2 |     2 |     3 ||     7
 Stab: Sleeping          |     4 |    10 |    16 ||    30
       Confused          |       |    18 |    15 ||    33
       Distracted        |       |       |     2 ||     2
  Eat: Chunk             |     2 |     8 |    15 ||    25
       Beef jerky        |       |       |     1 ||     1
Armor: Leather armour    |    41 |     6 |       ||    47
       Robe              |       |    50 |    57 ||   107
Dodge: Dodged            |    99 |   155 |   258 ||   512
